AoeStats
← mauggy

MegaRandom

508155532Analyzed
3v3 RM · 12d ago on Sep 21, 2026· 60m 15s· 6 players
Game mode
Random Map
Map size
Normal (6 player)
Population
200
Speed
Normal
Resources
Standard
Victory
Conquest
Starting age
Dark Age
Ending age
Imperial Age
RankedLock teamsTeams togetherTeam positionsShared explorationLock speedFull tech treeHidden civsTurbo modeCheats
Victory
Defeat
🇨🇦 Britons · Canada
1023
+15
🇨🇦 Romans · Canada
1007
+15
🇨🇦 Japanese · Canada
943
+18
🇨🇦 Khmer · Canada
995
-16
🇨🇦 Georgians · Canada
994
-16
🇨🇦 Britons · Canada
983
-16
Frost8
7:57 Loom
10:18 Feudal Age
11:54 Wheelbarrow
15:25 Forging
20:03 Castle Age
20:46 Bloodlines
20:50 Light Cavalry
21:50 Double-Bit Axe
21:50 Horse Collar
23:05 Scale Barding Armor
25:29 Bow Saw
25:33 Fishing Lines
30:02 Chain Barding Armor
30:39 Husbandry
31:23 Fletching
40:37 Hand Cart
43:49 Ballistics
43:21 Guard Tower
48:29 Imperial Age
51:42 Imperial Age
50:26 Caravan
53:13 Plate Barding Armor
55:10 Iron Casting
54:48 Bodkin Arrow
56:13 Hussar
56:42 Cavalier
56:56 Cavalier
Nikahn
7:28 Loom
11:05 Feudal Age
13:19 Double-Bit Axe
16:35 Castle Age
15:34 Wheelbarrow
16:06 Horse Collar
20:05 Heavy Plow
20:17 Bow Saw
22:20 Gold Mining
27:01 Imperial Age
24:47 Stone Mining
26:15 Gold Shaft Mining
27:59 Yeomen
27:31 Fletching
27:41 Padded Archer Armor
29:08 Two-Man Saw
31:14 Conscription
31:13 Bodkin Arrow
31:34 Leather Archer Armor
32:23 Ballistics
34:37 Warwolf
35:38 Bracer
36:09 Ring Archer Armor
36:06 Hand Cart
35:37 Town Watch
39:06 Chemistry
37:29 Elite Longbowman
43:33 Town Patrol
49:39 Caravan
RadiantRobyn
4:13 Loom
9:00 Feudal Age
13:31 Bloodlines
18:18 Castle Age
18:56 Double-Bit Axe
19:44 Horse Collar
20:02 Fishing Lines
20:31 Stone Mining
25:02 Medium Warships
26:37 Gillnets
26:52 Gold Mining
27:37 Stone Shaft Mining
27:06 Heavy Plow
31:17 Husbandry
31:36 Light Cavalry
34:37 Wheelbarrow
33:47 Town Watch
36:50 Gold Shaft Mining
36:29 Bow Saw
39:21 Scale Barding Armor
39:16 Scale Mail Armor
39:17 Padded Archer Armor
39:07 Fletching
39:28 Forging
39:15 Murder Holes
39:31 Fortified Wall
39:11 Guard Tower
39:42 Ballistics
40:22 Tusk Swords
40:53 Hand Cart
42:00 Chain Barding Armor
42:24 Heated Shot
42:45 Masonry
44:47 Leather Archer Armor
47:36 Town Patrol
52:06 Imperial Age
49:37 Town Patrol
54:28 Hussar
59:40 Hoardings
mauggy
7:05 Loom
10:42 Feudal Age
11:30 Double-Bit Axe
16:00 Horse Collar
21:14 Castle Age
20:32 Fletching
20:45 Padded Archer Armor
22:18 Bow Saw
21:38 Crossbowman
22:28 Town Watch
23:52 Heavy Plow
26:31 Ballistics
28:28 Squires
28:56 Bodkin Arrow
29:07 Gold Mining
33:52 Leather Archer Armor
38:32 Imperial Age
36:40 Wheelbarrow
36:06 Town Patrol
36:50 Wheelbarrow
40:00 Conscription
39:35 Arbalester
40:38 Bracer
41:10 Elite Longbowman
44:09 Hand Cart
46:59 Ring Archer Armor
50:06 Chemistry
Gomey
5:38 Loom
14:00 Feudal Age
20:15 Double-Bit Axe
23:44 Castle Age
21:52 Stone Mining
22:15 Scale Mail Armor
22:26 Forging
24:52 Squires
24:14 Pikeman
25:49 Gold Mining
27:17 Horse Collar
31:34 Bow Saw
32:49 Chain Mail Armor
33:10 Iron Casting
33:26 Arson
35:12 Wheelbarrow
41:18 Imperial Age
40:45 Hand Cart
43:09 Two-Man Saw
42:44 Plate Mail Armor
43:15 Blast Furnace
41:44 Halberdier
43:14 Elite Samurai
Jerry
7:52 Loom
12:11 Feudal Age
14:07 Double-Bit Axe
14:28 Horse Collar
19:28 Castle Age
18:08 Gold Mining
19:31 Pikeman
28:20 Bow Saw
29:16 Gold Shaft Mining
29:18 Wheelbarrow
29:14 Caravan
32:16 Hand Cart
32:20 Stone Mining
32:50 Squires
36:24 Imperial Age
33:47 Town Watch
33:28 Man-at-Arms
34:23 Forging
34:13 Scale Mail Armor
34:30 Heavy Plow
35:01 Ballistas
36:21 Iron Casting
35:09 Long Swordsman
36:47 Heavy Scorpion
37:04 Legionary
38:58 Blast Furnace
38:13 Chain Mail Armor
40:38 Crop Rotation
41:39 Conscription
47:59 Halberdier
53:06 Chemistry
53:32 Halberdier
Connection lost

Rejoining the realm…

Still unreachable

The connection could not be restored.

Session expired

The server has moved on; the page needs a fresh start.